 BcadrenCrawl: Boulder Brew version 0.05.31-18-ge6de3609f0 (webtiles) character file.

Game seed: 9671317344165927756, levelgen mode: deterministic

634 diana the Insei (level 7, 0/49 HPs) Oozomorph Gladiator. Began on Sept 29, 2021. Slain by a slime creature (5 damage) ... on level 2 of the Dungeon. The game lasted 00:05:29 (2417 turns).

diana the Insei (Oozomorph Gladiator)               Turns: 2417, Time: 00:05:30

Health: 0/49       AC:  3    Str: 15    XL:     7 ^: 520
Magic:  8/8        EV: 13    Int:  8    God:
Gold:   188        SH:  0    Dex: 16    Spells: 6/6 levels left

rFire    . . .     Vision   .     - Unarmed
rCold    . . .     Gourm    .     - Unarmed
rNeg     . . .     Faith    .   a - +0 leather armour
rCorr    + + +     Spirit   .   k - +0 pair of clawed gauntlets
rPois    .         Reflect  .   (no armour)
rElec    .         Harm     .   (no armour)
MR       .....                  (no armour)
Stlth    +.........             (no armour)
HPRegen  0.26/turn              (nothing subsumed)
MPRegen  0.18/turn              (no amulet)
                                (no ring)
                                (no ring)

@: very slow
A: cytoplasmic subsumption, amorphous body, gelatinous body 1
a: Subsume Item


You were on level 2 of the Dungeon.
You were not hungry.

You visited 1 branch of the dungeon, and saw 2 of its levels.

You collected 188 gold pieces.

Inventory:

Armour
 a - a +0 leather armour (worn)
 b - a +0 helmet
 k - a +0 pair of clawed gauntlets (worn)
Jewellery
 i - an uncursed amulet of chaos
 l - a cursed ring of intelligence {(Curse: rC-)}
Wands
 c - a wand of ensnaring (9)
 h - a wand of flame (21)
Scrolls
 e - a scroll of teleportation
 f - a scroll of blinking
Potions
 g - a potion of berserk rage
 j - a potion of cancellation
Comestibles
 d - 4 rations


   Skills:
 + Level 4.7 Fighting
 + Level 4.0 Dodging
 * Level 6.3 Unarmed Combat
 - Level 2.0 Evocations


You had 6 spell levels left.
You didn't know any spells.
Your spell library was empty.

Dungeon Overview and Level Annotations

Branches:
Dungeon (2/8)

Altars:
Dithmenos
Ru
Wu Jian


Innate Abilities, Weirdness & Mutations

You may subsume any weapon, armour, or jewellery into your cytoplasm to benefit from its magical properties.
Your body is completely amorphous, allowing you to wear any combination of armour.
You have seven amorphous slots; replacing the normal gear slots.
Body armours and bardings take two slots, all other armours take one.
Your gelatinous form is immune to acid, constriction and sticky flames. (rCorr+, Slime)


Message History

You hit the slime creature (3). You hit the slime creature (1).
The slime creature is severely wounded. (26/70) HP The slime creature closely misses you (0).
You hit the slime creature (3). You hit the slime creature (1).
The slime creature is severely wounded. (23/70) HP You hit the slime creature (3).
You hit the slime creature (2).
The slime creature is severely wounded. (18/70) HP The slime creature hits you (8)!
The slime creature blocks your attack.
You hit the slime creature (1).
The slime creature is severely wounded. (18/70) HP You hit the slime creature (4).
You hit the slime creature (3).
The slime creature is almost dead. (11/70) HP The slime creature hits you (19)!!
* * * LOW HITPOINT WARNING * * *
You hit the slime creature (4). x2
The slime creature is almost dead. (4/70) HP You enter the shallow water.
Moving in this stuff is going to be slow.
The slime creature hits you (5).
You die...

## #≈≈≈≈≈P# #
#.))..;# ## #
#††.≈P.# #.#
#.≈≈≈≈.# ..
#≈≈≈≈≈≈# ### .##
#≈≈≈≈≈†# ##.##..#
#≈≈≈≈†.# #.....#
#≈≈P)≈.#####...)##
#.≈≈†≈≈...@J.....#
#......#####.....#
#.≈.≈≈.# #..≈..#
#.≈≈≈≈.# #.≈≈≈.#
#≈≈≈≈≈.# #..≈.##
#≈≈≈≈≈≈# ##..##
#≈≈≈≈≈≈# ####
#.≈≈≈≈.#


You could see a slime creature.

Vanquished Creatures
  4 big kobolds (D:2)
  4 jellies (D:2)
  A giant cockroach (D:2)
  2 adders (D:2)
  8 sewer rats
  5 cinder newts
  A worm (D:2)
  A dart slug (D:1)
  5 leopard geckos
  An adder skeleton (D:2)
  3 bats
  6 hobgoblins (D:1)
  4 jackals (D:2)
  21 kobolds
  4 ball pythons
  A bat skeleton (D:2)
  5 goblins (D:1)
  A quokka skeleton (D:2)
  2 rats (D:1)
  3 withered plants (D:2)
82 creatures vanquished.

Vanquished Creatures (others)
  A plant (D:1)
  59 withered plants (D:2)
60 creatures vanquished.

Grand Total: 142 creatures vanquished

Notes
Turn   | Place    | Note
-------+----------+-------------------------------------------
     0 | D:1      | diana the Oozomorph Gladiator began the quest for the Orb.
     0 | D:1      | Reached XP level 1. HP: 14/14 MP: 2/2
    64 | D:1      | Reached XP level 2. HP: 20/20 MP: 3/3
   141 | D:1      | Reached XP level 3. HP: 25/25 MP: 4/4
   649 | D:2      | Reached skill level 4 in Unarmed Combat
   680 | D:2      | Reached XP level 4. HP: 19/31 MP: 5/5
  1070 | D:2      | Reached XP level 5. HP: 36/36 MP: 6/6
  1281 | D:2      | Reached skill level 5 in Unarmed Combat
  1281 | D:2      | Reached XP level 6. HP: 39/43 MP: 7/7
  1331 | D:2      | Found a sacrificial altar of Ru.
  2099 | D:2      | Found an ornate altar of the Wu Jian Council.
  2099 | D:2      | Found a shadowy altar of Dithmenos.
  2284 | D:2      | Reached skill level 6 in Unarmed Combat
  2284 | D:2      | Reached XP level 7. HP: 31/49 MP: 8/8
  2417 | D:2      | Slain by a slime creature

Levels and vault maps discovered:
D:1:      roderic_chinese_lattice_arrival, layout_cave_pools, kennysheep_boxes
D:2:      layout_sewer, hangedman_ru_absence,
          gammafunk_temple_overflow_elements, elyvilon_niche

Skill      XL: |  1  2  3  4  5  6  7 |
---------------+----------------------+-----
Unarmed Combat | 4 5 6 |  6.3
Fighting       | 3 4 |  4.7
Dodging        | 3 4 |  4.0
Evocations     | |  2.0

Action                   |  1- 3 |  4- 6 |  7- 9 || total
-------------------------+-------+-------+-------++-------
Melee: Unarmed           |   145 |   303 |    86 ||   534
 Stab: Sleeping          |     1 |       |       ||     1
  Eat: Chunk             |       |     4 |     2 ||     6
Armor: Skin              |     9 |    19 |     7 ||    35
Dodge: Dodged            |    40 |    67 |    30 ||   137
